 Dungeon Crawl Stone Soup version 0.20.1-1-g8b1a95d (webtiles) character file.

23 polve the Skirmisher (level 2, -2/24 HPs)
             Began as a Demonspawn Abyssal Knight on July 6, 2017.
             Was a Follower of Lugonu.
             Slain by a kobold
             ... wielding a +0 whip
              (7 damage)
             ... on level 1 of the Dungeon.
             The game lasted 00:01:25 (1156 turns).

polve the Skirmisher (Demonspawn Abyssal Knight)    Turns: 1156, Time: 00:01:26

Health: -2/24      AC:  3    Str: 12    XL:     2   Next: 75%
Magic:  3/3        EV: 11    Int: 13    God:    Lugonu [*.....]
Gold:   76         SH:  0    Dex: 12    Spells: 1/1 levels left

rFire    . . .     SeeInvis .   a - +1 falchion
rCold    . . .     Gourm    .   (no shield)
rNeg     . . .     Faith    .   b - +0 leather armour
rPois    .         Spirit   .   (no helmet)
rElec    .         Reflect  .   (no cloak)
rCorr    .         Harm     .   (no gloves)
MR       .....                  (no boots)
Stlth    ++........             (no amulet)
Regen    0.1/turn               (no ring)
MPRegen  0.1/turn               (no ring)

@: no status effects
A: nightstalker 1
a: Depart the Abyss, Renounce Religion


You were on level 1 of the Dungeon.
You worshipped Lugonu.
Lugonu was aware of your devotion.
You were not hungry.

You visited 1 branch of the dungeon, and saw 1 of its levels.
You visited the Abyss 1 time.

You collected 76 gold pieces.

Inventory:

Hand Weapons
 a - a +1 falchion (weapon)
Armour
 b - a +0 leather armour (worn)
Scrolls
 e - 2 scrolls of noise {unknown}
 f - a scroll of identify {unknown}
Potions
 g - a potion of curing {unknown}
 h - a potion of invisibility {unknown}
Comestibles
 c - a bread ration
 d - a chunk of flesh


   Skills:
 - Level 3.0 Fighting
 + Level 3.0 Long Blades
 - Level 1.7 Armour
 - Level 0.8 Dodging
 - Level 2.4 Invocations


You had one spell level left.
You didn't know any spells.

Dungeon Overview and Level Annotations

Branches:
Dungeon (1/15)

Altars:


Innate Abilities, Weirdness & Mutations

You are slightly more attuned to the shadows.


Message History

The kobold is moderately wounded.
You closely miss the kobold.
The kobold is moderately wounded.
The kobold hits you with a whip.
* * * LOW HITPOINT WARNING * * *
You closely miss the kobold.
The kobold is moderately wounded.
The kobold completely misses you.
You barely miss the kobold.
The kobold is moderately wounded.
The kobold hits you with a whip.
* * * LOW HITPOINT WARNING * * *
You are too injured to fight recklessly!
You closely miss the kobold.
The kobold is moderately wounded.
The kobold hits you with a whip.
* * * LOW HITPOINT WARNING * * *
You hit the kobold but do no damage. The kobold hits you but does no damage.
You barely miss the kobold. The kobold hits you with a whip!
You die...

...........P.......+.'....'......
.###.#.#..[P♣P#....###....##.#...
.# #.#)##.P.P.#....# ###...#.#.##
.###.#.##.#P)##....## #...#.#.#.
....................# #...#.#.#.
.###......##.######.# #.###.#.##
.###########.######.## #.# #.#.#.
........ ..#.......# #.# #.#...
.#############.K@....# #.# #.#...
.# #.....# #.......# #.# #.#.#.
.# #.....# #......(###.# #.#.#.
## #.....####........##.###.#.##
#.....'..########.##.#.....#
#####.....##.# #.##.#.#.###
.......#..##.# #.##.#.#.##
.......#.....# #)##.#....# #
.......+..#### #..#.###.####


You could see a kobold.

Vanquished Creatures
  An ooze (D:1)
  A dart slug (D:1)
  2 leopard geckos (D:1)
  A giant cockroach (D:1)
  4 goblins (D:1)
  A kobold (D:1)
  2 bats (D:1)
  2 rats (D:1)
14 creatures vanquished.

Notes
Turn   | Place    | Note
-------+----------+-------------------------------------------
     0 | Abyss:1  | polve the Demonspawn Abyssal Knight began the quest for the Orb.
     0 | Abyss:1  | Reached XP level 1. HP: 18/18 MP: 2/2
    67 | Abyss:1  | Noticed a raiju
    80 | D:1      | Escaped the Abyss
   128 | D:1      | Reached * piety under Lugonu
   355 | D:1      | Gained mutation: You are slightly more attuned to the shadows. [demonic ancestry]
   355 | D:1      | Reached XP level 2. HP: 24/24 MP: 3/3
  1156 | D:1      | Slain by a kobold

Skill      XL: |  1  2 |
---------------+-------+-----
Long Blades    | 2 3 |  3.0
Fighting       | |  3.0
Armour         | |  1.7
Dodging        | |  0.8
Invocations    | |  2.4

Action                   || total
-------------------------++-------
Melee: Falchion          ||    57
Invok: Depart the Abyss  ||     1
 Stab: Sleeping          ||     3
  Eat: Chunk             ||     1
Armor: Leather armour    ||    13
Dodge: Dodged            ||    30
       Rpst.: Falchion   ||     7
